 Dungeon Crawl Stone Soup version 0.24-a0-769-g368c1644f8 (webtiles) character file.

Game seed: 15815468178835304076, levelgen mode: deterministic

30 MalarOregon the Conjurer (level 3, -6/26 HPs)
             Began as a Draconian Conjurer on Oct 6, 2019.
             Killed by divine providence
             ... invoked by an orc priest
              (14 damage)
             ... on level 2 of the Dungeon.
             The game lasted 00:01:56 (1071 turns).

MalarOregon the Conjurer (Draconian Conjurer)       Turns: 1071, Time: 00:01:57

Health: -6/26      AC:  6    Str: 10    XL:     3   Next: 3%
Magic:  1/7        EV: 12    Int: 16    God:
Gold:   95         SH:  0    Dex: 11    Spells: 7/8 levels left

rFire    . . .     SeeInvis .   b - +0 mace
rCold    . . .     Gourm    .   (no shield)
rNeg     . . .     Faith    .   (armour unavailable)
rPois    .         Spirit   .   (helmet restricted)
rElec    .         Reflect  .   c - +0 cloak
rCorr    .         Harm     .   (no gloves)
MR       .....                  (no boots)
Stlth    ++........             (no amulet)
HPRegen  0.08/turn              (no ring)
MPRegen  0.10/turn              (no ring)

@: no status effects
A: unfitting armour, cold-blooded, AC +5
a: no special abilities


You were on level 2 of the Dungeon.
You were not hungry.

You visited 1 branch of the dungeon, and saw 2 of its levels.

You collected 95 gold pieces.

Inventory:

Hand Weapons
 b - a +0 mace (weapon)
   (You found it on level 1 of the Dungeon)
Missiles
 d - 12 poisoned darts (quivered)
Armour
 c - a +0 cloak (worn)
   (You found it on level 1 of the Dungeon)
Scrolls
 a - a scroll of immolation {unknown}
 g - 4 scrolls of identify {unknown}
 i - a scroll of teleportation {unknown}
 j - 2 scrolls of remove curse {unknown}
 l - a scroll of noise {unknown}
Potions
 h - a potion of agility {unknown}
 k - a potion of curing {unknown}
 m - 2 potions of heal wounds {unknown}
 n - a potion of ambrosia {unknown}
Comestibles
 e - 3 rations {!d}
 f - 2 chunks of flesh


   Skills:
 - Level 1.7 Dodging
 - Level 1.7 Stealth
 + Level 3.3 Spellcasting
 - Level 4.0 Conjurations


You had 7 spell levels left.
You knew the following spells:

 Your Spells              Type           Power        Failure   Level  Hunger
a - Magic Dart            Conj           ###.         3%          1    None

Your spell library contained the following spells:

 Spells                   Type           Power        Failure   Level  Hunger
 Searing Ray              Conj           ###...       5%          2    ##.....
 Dazzling Spray           Conj/Hex       #.....       24%         3    ###....
 Iskenderun's Mystic Bla  Conj           ###.....     34%         4    ####...
 Force Lance              Conj/Tloc      #.......     61%         4    ####...
 Fulminant Prism          Conj/Hex       #.........   61%         4    ####...


Dungeon Overview and Level Annotations

Branches:
Dungeon (2/15)

Altars:
Ashenzari


Innate Abilities, Weirdness & Mutations

Your plain brown scales are hard. (AC +5)
You cannot fit into any form of body armour.
You are cold-blooded and may be slowed by cold attacks.


Message History

There is an open door here.
You open the door.
There is an open door here.
Found a scale mail.
Some of the chunks of flesh in your inventory have rotted away.
Found a scroll labeled YRGHOE ZAIPLESS.
j - 2 scrolls labeled YRGHOE ZAIPLESS (gained 1)
Found a scale mail.
An orc comes into view. It is wielding a +0 dagger.
The orc shouts!
You hear a shout!
An orc is nearby!
An orc is nearby!
Aim: an orc, wielding a +0 dagger The magic dart hits the orc.
Aim: an orc, wielding a +0 dagger (lightly wounded)
The magic dart hits the orc.
An orc priest comes into view. It is wielding a +0 dagger.
Aim: an orc, wielding a +0 dagger (moderately wounded)
The magic dart hits the orc.
You kill the orc!
You have reached level 3!
Your experience leads to an increase in your attributes!
Increase (S)trength, (I)ntelligence, or (D)exterity?
You feel clever.
Your scales feel tougher.
The orc priest casts a cantrip, but nothing happens.
Aim: an orc priest, wielding a +0 dagger The magic dart hits the orc priest.
An orc comes into view.
It is wielding a +2 hand axe of electrocution.
Aim: an orc priest, wielding a +0 dagger (moderately wounded)
The magic dart hits the orc priest.
An orc warrior comes into view. It is wielding a +0 hand axe.
The orc priest hits you but does no damage.
You closely miss the orc priest. You tail-slap the orc priest.
The orc closely misses you. The orc priest closely misses you.
You barely miss the orc priest.
The orc hits you with a +2 hand axe of electrocution.
You are electrocuted!
Ouch! That really hurt!
* * * LOW HITPOINT WARNING * * *
The orc priest closely misses you.
Unknown command.
Aim: an orc priest, wielding a +0 dagger (severely wounded)
The magic dart hits the orc priest but does no damage.
The orc barely misses you.
The orc priest begins to cast a cantrip, but forgets the words!
Unknown command.
The orc priest invokes the aid of Beogh against you.
Beogh smites you!
Ouch! That really hurt!
You die...

#...........########
#...........#
+...........#
#...........#
###........<..#
...........รท.###
##############
######################
#oo..@................
#o####################
#. #. ##


You could see an orc warrior, an orc priest and an orc.

Vanquished Creatures
  A leopard gecko (D:1)
  An orc (D:2)
  2 giant cockroaches
  4 goblins
  4 hobgoblins
  4 bats
  2 frilled lizards (D:1)
  3 kobolds
  5 rats
26 creatures vanquished.

Notes
Turn   | Place    | Note
-------+----------+-------------------------------------------
     0 | D:1      | MalarOregon the Draconian Conjurer began the quest for the
                  | Orb.
     0 | D:1      | Reached XP level 1. HP: 14/14 MP: 3/3
   144 | D:1      | Found a shattered altar of Ashenzari.
   242 | D:1      | Reached XP level 2. HP: 20/20 MP: 0/5
  1063 | D:2      | Reached XP level 3. HP: 26/26 MP: 3/7
  1065 | D:2      | Noticed an orc warrior
  1071 | D:2      | Killed from afar by an orc priest

Levels and vault maps discovered:
D:1:      dpeg_arrival_round_a, layout_rooms, minmay_misc_feat_columns,
          evilmike_ruin_ashenzari
D:2:      layout_basic

Skill      XL: |  1  2 |
---------------+-------+-----
Spellcasting   | 3 |  3.3
Dodging        | |  1.7
Stealth        | |  1.7
Conjurations   | |  4.0

Action                   || total
-------------------------++-------
Melee: Mace              ||    19
       Tailslap          ||     3
 Cast: Magic Dart        ||    47
  Eat: Chunk             ||     1
Armor: Skin              ||    11
Dodge: Dodged            ||    25

Table legend:
 A = Non-vault XP
 B = Vault XP
 C = Vault XP percentage of total XP
 D = Non-vault monster count
 E = Vault monster count
 F = Vault count percentage of total count
                 A         B        C        D         E       F
            +---------+---------+-------+---------+---------+-------
      Total |      43 |       0 |   0.0 |      26 |       0 |   0.0
            +---------+---------+-------+---------+---------+-------
        D:1 |      21 |       0 |   0.0 |      13 |       0 |   0.0
        D:2 |      22 |       0 |   0.0 |      13 |       0 |   0.0
            +---------+---------+-------+---------+---------+-------
